 Dungeon Crawl Stone Soup version 0.22-a0-570-g58866f5 (webtiles) character file.

1879 Hebeh the Ruffian (level 8, -12/79 HPs)
             Began as a Troll Berserker on June 30, 2018.
             Was an Elder of Trog.
             Mangled by an ogre
             ... wielding a +0 giant club
              (17 damage)
             ... on level 7 of the Dungeon.
             The game lasted 00:11:26 (4741 turns).

Hebeh the Ruffian (Troll Berserker)                 Turns: 4741, Time: 00:11:28

Health: -12/79     AC: 10    Str: 27    XL:     8   Next: 91%
Magic:  7/7        EV: 10    Int:  3    God:    Trog [****..]
Gold:   319        SH:  0    Dex: 10    Spells: 7/7 levels left

rFire    . . .     SeeInvis +     - Unarmed
rCold    . . .     Gourm    +   (no shield)
rNeg     . . .     Faith    .   n - +0 swamp dragon scales (curse)
rPois    +         Spirit   .   (helmet restricted)
rElec    .         Reflect  .   (no cloak)
rCorr    .         Harm     .   (gloves unavailable)
MR       ++...                  (boots unavailable)
Stlth    ..........             (no amulet)
HPRegen  1.63/turn              i - ring of see invisible
MPRegen  0.10/turn              (no ring)

@: regenerating
A: large, unfitting armour, claws 3, fast metabolism 3, gourmand, regeneration
1, shaggy fur 1, tough skin 2
a: Berserk, Trog's Hand, Brothers in Arms, Renounce Religion


You were on level 7 of the Dungeon.
You worshipped Trog.
Trog was greatly pleased with you.
You were full.

You visited 1 branch of the dungeon, and saw 7 of its levels.

You collected 319 gold pieces.

Inventory:

Missiles
 o - 7 javelins (quivered)
Armour
 a - a +0 animal skin
 n - cursed +0 swamp dragon scales (worn)
Jewellery
 i - a ring of see invisible (left claw)
 s - a cursed ring of loudness {unknown}
 v - an uncursed ring of fire {unknown}
Wands
 p - a wand of polymorph (14)
Scrolls
 c - 2 scrolls of teleportation {unknown}
 d - 5 scrolls of remove curse {unknown}
 h - 8 scrolls of identify {unknown}
 j - 2 scrolls of magic mapping {unknown}
 k - a scroll of fog {unknown}
 l - 2 scrolls of blinking {unknown}
 m - a scroll of noise {unknown}
 u - a scroll of random uselessness {unknown}
Potions
 e - a potion of curing {unknown}
 f - 2 potions of mutation {unknown}
 g - a potion of degeneration {unknown}
 q - 2 potions of brilliance {unknown}
 r - a potion of agility {unknown}
 t - a potion of invisibility {unknown}
Comestibles
 b - 10 rations


   Skills:
 + Level 4.9 Fighting
 + Level 4.5 Throwing
 + Level 4.9 Dodging
 * Level 7.9 Unarmed Combat


You had 7 spell levels left.
You didn't know any spells.
Your spell library was empty.

Dungeon Overview and Level Annotations

Branches:
Dungeon (7/15)             Temple (0/1) D:7

Altars:
Fedhas
Hepliaklqana
Kikubaaqudgha
Makhleb
Nemelex Xobeh
Qazlal
Ru
Yredelemnul
Zin
The Shining One

Shops:
D:7 (


Innate Abilities, Weirdness & Mutations

You are too large for most types of armour.
You have claws for hands.
Your metabolism is lightning-fast.
You like to eat raw meat.
Your natural rate of healing is unusually fast.
You are covered in fur. (AC +1)
You have very tough skin. (AC +2)


Message History

You are too injured to fight recklessly!
You are too injured to fight recklessly!
Unknown command.
You are too injured to fight recklessly!
You are too injured to fight recklessly!
Unknown command.
You are too injured to fight recklessly!
You mangle the unseen horror!!
The unseen horror is heavily wounded.
The unseen horror hits you.
* * * LOW HITPOINT WARNING * * *
The ogre closely misses you. The wyvern zombie bites you.
* * * LOW HITPOINT WARNING * * *
Your skin crawls.
You feel resistant to hostile enchantments.
You feel somewhat less full. The unseen horror barely misses you.
The wyvern zombie bites you!
* * * LOW HITPOINT WARNING * * *
The ogre hits you with a giant club!
You die...

#.....#
#.##..#####..####.#####
#.....# #.##..# ##.#
#.# ...
#.....#####.##..# #.##
#.# .##
#............#..# #..#
#.# #...##########..#
#####.###.# #...# #..#
#....[.##.# #...#
#..###......##.# #...#
#####....'.......#
#...#
......O@.#.....#.#
#...#
....?.Zx.#.....#.#
#.###
.........#.....#.# #.#
..?............#.# #.#
..........###### ..#
..........# ###
..........# ..........#
......


You could see an unseen horror (invisible), an ogre and a wyvern zombie.

Vanquished Creatures
  A hungry ghost (D:7)
  Duvessa (D:6)
  An ice beast (D:6)
  A black bear (D:6)
  A sky beast (D:7)
  An ogre (D:7)
  2 centaurs
  Dowan (D:6)
  A wyvern zombie (D:7)
  3 scorpions
  3 howler monkeys
  2 crimson imps
  A hound (D:4)
  2 centaur skeletons
  4 orc wizards
  A howler monkey skeleton (D:6)
  7 gnolls (D:3)
  3 adders
  2 oozes
  An adder skeleton (D:4)
  A worm (D:5)
  5 dart slugs
  4 leopard geckos
  12 orcs
  2 ball pythons
  5 giant cockroaches
  2 gnoll zombies (D:6)
  7 goblins
  9 hobgoblins
  8 jackals
  3 quokkas
  3 bats
  6 frilled lizards
  4 kobolds
  A leopard gecko skeleton (D:4)
  5 rats
116 creatures vanquished.

Notes
Turn   | Place    | Note
-------+----------+-------------------------------------------
     0 | D:1      | Hebeh the Troll Berserker began the quest for the Orb.
     0 | D:1      | Reached XP level 1. HP: 22/22 MP: 0/0
   122 | D:1      | Reached XP level 2. HP: 29/29 MP: 1/1
   365 | D:1      | Reached XP level 3. HP: 33/36 MP: 2/2
   735 | D:2      | Reached ** piety under Trog
   735 | D:2      | Reached skill level 1 in Throwing
  1190 | D:2      | Found a hazy altar of Hepliaklqana.
  1190 | D:2      | Found a stormy altar of Qazlal.
  1269 | D:3      | Reached XP level 4. HP: 40/44 MP: 3/3
  1315 | D:3      | Reached skill level 4 in Unarmed Combat
  1390 | D:3      | Reached XP level 5. HP: 45/53 MP: 4/4
  1560 | D:3      | Found a sparkling altar of Nemelex Xobeh.
  2090 | D:4      | Noticed a centaur
  2100 | D:4      | Killed a centaur
  2100 | D:4      | Reached *** piety under Trog
  2409 | D:4      | Reached XP level 6. HP: 50/61 MP: 5/5
  2415 | D:4      | Reached skill level 5 in Unarmed Combat
  2639 | D:5      | Entered Level 5 of the Dungeon
  2834 | D:5      | Found a burning altar of Makhleb.
  3039 | D:5      | Found a sacrificial altar of Ru.
  3444 | D:6      | Found a basalt altar of Yredelemnul.
  3500 | D:6      | Reached XP level 7. HP: 62/68 MP: 6/6
  3578 | D:6      | Found a glowing golden altar of the Shining One.
  3775 | D:6      | Noticed Duvessa
  3775 | D:6      | Noticed Dowan
  3780 | D:6      | Killed Duvessa
  3780 | D:6      | Reached skill level 6 in Unarmed Combat
  3796 | D:6      | Killed Dowan
  4115 | D:6      | Found a blossoming altar of Fedhas.
  4139 | D:6      | Reached XP level 8. HP: 63/78 MP: 7/7
  4328 | D:7      | Found an ancient bone altar of Kikubaaqudgha.
  4370 | D:7      | Reached skill level 7 in Unarmed Combat
  4374 | D:7      | Reached **** piety under Trog
  4520 | D:7      | Found Sushrism's Weapon Shop.
  4606 | D:7      | Found a glowing silver altar of Zin.
  4645 | D:7      | Found a staircase to the Ecumenical Temple.
  4732 | D:7      | Noticed an unseen horror
  4741 | D:7      | Mangled by an ogre

Vault maps used:
D:1:      dpeg_arrival_chambers_temple_mockup
D:2:      minitemple, first_ration
D:3:      lemuel_doored_altar
D:5:      hangedman_ru_absence, old_standard_altar
D:6:      lemuel_zombie_altar_yredelemnul, nicolae_tso_carved_into_rock,
          kennysheep_mini, uniq_duvessa
D:7:      kennysheep_mini_moat, nicolae_overflow_hidden_temple,
          minmay_temple_entry_nine_rooms, serial_shops, shop

Skill      XL: |  1  2  3  4  5  6  7  8 |
---------------+-------------------------+-----
Throwing       | 1 2 3 4 |  4.5
Unarmed Combat | 4 5 6 7 |  7.9
Fighting       | 3 4 |  4.9
Dodging        | 3 4 |  4.9

Action                   |  1- 3 |  4- 6 |  7- 9 || total
-------------------------+-------+-------+-------++-------
Melee: Unarmed           |    80 |   143 |   106 ||   329
       Punch             |     1 |     1 |     3 ||     5
Invok: Berserk           |       |     1 |       ||     1
       Trog's Hand       |       |       |     1 ||     1
 Stab: Sleeping          |     2 |       |       ||     2
  Eat: Chunk             |    16 |    21 |    16 ||    53
Armor: Animal skin       |    16 |    22 |       ||    38
       Swamp dragon scal |       |    19 |    44 ||    63
Dodge: Dodged            |    37 |    78 |    47 ||   162

Table legend:
 A = Spawn XP
 B = Non-spawn XP
 C = Spawn XP percentage of total XP
 D = Spawn monster count
 E = Non-spawn monster count
 F = Spawn count percentage of total count
 G = Total turns spent on level
                    A         B        C        D         E        F      G
               +---------+---------+-------+---------+---------+-------+---------
         Total |       0 |    2685 |   0.0 |       0 |     116 |   0.0 |  4741
               +---------+---------+-------+---------+---------+-------+---------
           D:1 |       0 |      43 |   0.0 |       0 |      17 |   0.0 |   634
           D:2 |       0 |      35 |   0.0 |       0 |      13 |   0.0 |   595
           D:3 |       0 |     153 |   0.0 |       0 |      29 |   0.0 |   785
           D:4 |       0 |     346 |   0.0 |       0 |      11 |   0.0 |   625
           D:5 |       0 |     142 |   0.0 |       0 |      12 |   0.0 |   759
           D:6 |       0 |     822 |   0.0 |       0 |      19 |   0.0 |   928
           D:7 |       0 |    1144 |   0.0 |       0 |      15 |   0.0 |   415
               +---------+---------+-------+---------+---------+-------+---------
